Get step-by-step instructions on how to execute this build order below. Start the game timer, and the build order will tick by so you can play in parallel with StarCraft on a second screen or mobile device.

Game Time

  0:00

Last Step

  N/A

Next Step

Upcoming Step



Don't want to look back and forth between 2 screens? Try out our Overwolf App, the Spawning Tool Build Advisor to get an in-game overlay with this build!

Complete Build Order

  12  0:00  Probe  
  13  0:12  Probe  
  14  0:18  Pylon  
  14  0:32  Probe  
  15  0:40  Gateway  
  15  0:45  Probe (Chrono Boost)  
  15  0:47  Assimilator  
  16  0:56  Probe (Chrono Boost)  
  17  1:01  Probe (Chrono Boost)  
  19  1:11  Probe  
  19  1:31  Probe  
  20  1:38  Nexus  
  19  1:47  Cybernetics Core  
  19  1:54  Pylon  
  19  1:56  Probe (Chrono Boost)  
  20  2:06  Assimilator  
  20  2:14  Gateway  
  20  2:16  Probe  
  21  2:30  Stalker  
  21  2:32  Warp Gate  
  23  2:37  Probe (Chrono Boost)  
  24  2:46  Probe (Chrono Boost)  
  24  2:49  Stargate  
  25  2:51  Probe (Chrono Boost)  
  25  2:55  Pylon  
  26  3:02  Stalker  
  28  3:11  Stalker  
  30  3:17  Probe x2 (Chrono Boost)  
  33  3:27  Probe (Chrono Boost)  
  33  3:32  Oracle  
  34  3:51  Stalker x2  
  38  4:07  Gateway  
  38  4:10  Forge  
  38  4:24  Oracle  
  41  5:08  Photon Cannon  
  41  5:11  Gateway, Photon Cannon  
  41  5:14  Phoenix (Chrono Boost)  
  41  5:18  Stalker x3  
  49  5:28  Stargate  
  49  5:30  Probe, Stargate, Phoenix (Chrono Boost)  
  49  5:31  Probe  
  49  5:32  Pylon  
  53  5:35  Pylon  
  53  5:37  Pylon  
  53  5:39  Pylon  
  53  5:40  Pylon  
  53  5:43  Probe  
  54  5:50  Probe  
  54  5:55  Probe  
  56  6:02  Probe  
  57  6:22  Void Ray (Chrono Boost)  
  57  6:23  Void Ray x2 (Chrono Boost)  
  69  6:25  Zealot x2  
  69  6:26  Zealot x2  
  77  6:44  Gateway  
  77  6:45  Gateway  
  77  6:46  Gateway  
  77  6:49  Gateway  
  77  6:51  Gateway  
  77  6:53  Gateway  
  77  6:55  Twilight Council  
  77  6:58  Void Ray (Chrono Boost), Gateway  
  85  7:01  Gateway  
  85  7:04  Pylon  
  85  7:05  Void Ray (Chrono Boost), Phoenix (Chrono Boost)  
  85  7:06  Pylon  
  85  7:07  Probe x2  
  89  7:08  Pylon  
  89  7:10  Pylon  
  89  7:12  Pylon  
  89  7:14  Pylon  
  89  7:15  Pylon  
  89  7:17  Pylon  
  89  7:19  Probe x2  
  89  7:20  Charge (Chrono Boost)  
  91  7:28  Nexus  
  91  7:31  Probe x2  
  93  7:37  Zealot x3  
  93  7:38  Zealot  
  93  7:43  Probe x2  
  103  7:45  Zealot x4  
  104  7:52  Robotics Facility  
  104  7:55  Probe  
  98  8:11  Assimilator  
  96  8:13  Assimilator  
  96  8:15  Zealot x2, Protoss Ground Weapons Level 1 (Chrono Boost)  
  96  8:16  Zealot x3  
  96  8:17  Zealot  
  108  8:23  Zealot x3  
  108  8:24  Zealot x3  
  120  8:31  Void Ray (Chrono Boost)  
  124  8:39  Zealot x4  
  124  8:41  Warp Prism  
  134  8:58  Pylon  
  134  9:00  Pylon  
  134  9:02  Pylon  
  134  9:04  Pylon  
  71  9:57  Zealot x2  
  71  9:58  Zealot x6  
  71  9:59  Zealot  
  81  10:10  Zealot x3  
  85  10:18  Zealot x2  
  85  10:19  Zealot x5  
  85  10:20  Zealot x2  
  101  10:42  Zealot x3  
  103  10:43  Zealot x5  
  103  10:44  Zealot x3  
  103  10:45  Zealot  
  123  11:04  Zealot  
  123  11:05  Zealot x8  
  123  11:06  Zealot x3  
  121  11:31  Zealot  
  121  11:32  Zealot x5  
  124  11:33  Zealot x3  
  106  12:48  Void Ray (Chrono Boost)  
  106  12:49  Void Ray x2 (Chrono Boost)  
  118  13:01  Zealot x4, Immortal (Chrono Boost)  
  118  13:02  Zealot x6  
  142  13:08  Pylon  
  142  13:10  Pylon  
  154  13:24  Void Ray x2  
  154  13:25  Void Ray  
  84  13:59  Immortal (Chrono Boost)  
  86  14:05  Zealot x2  
  86  14:06  Zealot x7  
  86  14:07  Zealot x2  
  96  14:18  Zealot  
  94  14:30  Zealot  
  94  14:31  Zealot x6, Immortal  
  100  14:32  Zealot x4  
  100  14:33  Protoss Ground Weapons Level 2 (Chrono Boost)  
  56  16:06  Zealot x2, Warp Prism (Chrono Boost)  
  56  16:07  Zealot x7  
  70  16:28  Probe  
  70  16:29  Probe x2  
  73  16:33  Assimilator  
  73  16:34  Warp Prism  
  73  16:35  Zealot, Assimilator  
  73  16:36  Zealot x7  
  73  16:37  Zealot x4  
  99  16:40  Probe  
  99  16:41  Probe x2  
  102  16:52  Probe  
  102  16:53  Probe x2  
  93  17:04  Probe  
  93  17:05  Probe x2  
  93  17:07  Zealot x5  
  93  17:08  Zealot x5  
  116  17:16  Probe  
  116  17:17  Probe x2  
  87  17:40  Zealot  
  87  17:41  Zealot x7  
  87  17:42  Zealot x4  
  77  17:48  Observer (Chrono Boost)  
  69  17:58  Probe x3  
  67  18:01  Void Ray  
  67  18:10  Probe x2  
  71  18:29  Void Ray  
  71  18:55  Zealot  
  71  18:56  Zealot x6  
  71  18:57  Zealot x5  
  95  19:18  Stalker x6  
  95  19:19  Stalker  
  109  19:38  Observer  
  99  19:44  Zealot x4  
  99  19:45  Zealot x7  
  114  20:06  Stalker x2  
  118  20:09  Zealot x6  
  118  20:10  Zealot x4  
  102  20:59  Zealot x4  
  102  21:00  Zealot x5  
  120  21:15  Zealot x3  
  104  21:44  Observer  
  104  21:46  Zealot x3  
  104  21:47  Zealot x6  
  110  21:48  Zealot x3  
  113  22:20  Zealot x3  
  113  22:21  Zealot x6